 Dungeon Sprint DCSS version 0.21.0-25-ge575cb9ce8 (webtiles) character file.

21347 Pluck the Markscentaur (level 12, -14/119 HPs)
             Began as a Centaur Berserker on Jan 25, 2018.
             Was the Champion of Trog.
             Demolished by Agnes
             ... wielding a +1 vampiric lajatang
              (15 damage)
             ... in the Dungeon (Sprint IX: "|||||||||||||||||||||||||||||").
             The game lasted 00:08:57 (4666 turns).

Pluck the Markscentaur (Centaur Berserker)          Turns: 4666, Time: 00:08:58

Health: -14/119    AC: 20    Str: 21    XL:     12   Next: 53%
Magic:  12/12      EV:  9    Int:  6    God:    Trog [******]
Gold:   1425       SH:  0    Dex: 13    Spells: 11/11 levels left

rFire    . . .     SeeInvis .   E - +5 bardiche "Rihaut" {chaos, Stlth+}
rCold    + . .     Gourm    .   (shield currently unavailable)
rNeg     . . .     Faith    .   y - +2 plate armour {MR+}
rPois    +         Spirit   .   (no helmet)
rElec    .         Reflect  .   v - +1 cloak
rCorr    .         Harm     .   w - +1 pair of gloves
MR       +....     NoTele   +   (no barding)
Stlth    ..........             (no amulet)
HPRegen  0.29/turn              r - +2 ring of evasion
MPRegen  0.13/turn              A - ring of Laiti {+Inv +Fly rPois rC+}

@: very quick
A: large, hooves 3, deformed body, speed 2, tough skin 3
a: Berserk, Trog's Hand, Brothers in Arms, Burn Spellbooks, Renounce Religion,
Evoke Invisibility, Evoke Flight


You were in the Dungeon.
You worshipped Trog.
Trog was exalted by your worship.
You were hungry.

You visited 1 branch You collected 1923 gold pieces.
You spent 498 gold pieces at shops.

Inventory:

Hand Weapons
 m - a +2 halberd of flaming
 u - a +1 longbow
 x - the +2 shortbow "Cais" {freeze, rN+ MR+}
   (Trog gifted it to you in the Dungeon)

   It causes projectiles fired from it to freeze those they strike, causing
   extra injury to most foes and up to half again as much damage against
   particularly susceptible opponents.
   They can also slow down cold-blooded creatures.
   It protects you from negative energy.
   It affects your resistance to hostile enchantments.
 z - a +4 antimagic demon trident
 C - a +2 shortbow of freezing
 D - a +4 halberd of chopping
 E - the +5 bardiche "Rihaut" (weapon) {chaos, Stlth+}
   (Trog gifted it to you in the Dungeon)

   Each time it hits an enemy it has a different, random effect.
   It makes you more stealthy.
Missiles
 b - 176 arrows
Armour
 n - a +1 large shield
 v - a +1 cloak (worn)
 w - a +1 pair of gloves (worn)
 y - a +2 plate armour of magic resistance (worn)
Jewellery
 q - an uncursed ring of poison resistance
 r - a +2 ring of evasion (left hand)
 t - an uncursed ring of protection from magic
 A - the ring of Laiti (right hand) {+Inv +Fly rPois rC+}
   (You bought it in a shop in the Dungeon)

   [ring of protection from cold]

   It protects you from cold.
   It protects you from poison.
   It lets you turn invisible.
   It lets you fly.
Scrolls
 i - 3 scrolls of blinking
 k - 6 scrolls of remove curse
 l - 5 scrolls of enchant armour
 p - a scroll of identify
 s - a scroll of fog
 B - 2 scrolls of enchant weapon
Potions
 a - 2 potions of flight {unknown}
 d - 8 potions of curing
 e - 5 potions of heal wounds
 f - 4 potions of haste
 g - 4 potions of magic
 h - a potion of berserk rage
 j - a potion of invisibility
 o - a potion of resistance
Comestibles
 c - 8 rations


   Skills:
 + Level 15.1 Fighting
 + Level 17.5 Polearms
 * Level 18.3 Bows
 + Level 11.3 Armour
 + Level 5.2 Dodging


You had 11 spell levels left.
You didn't know any spells.

Dungeon Overview and Level Annotations

Branches:
Dungeon (1/1)

Altars:
Cheibriados
Dithmenos
Elyvilon
Fedhas
Gozag
Hepliaklqana
Kikubaaqudgha
Makhleb
Nemelex Xobeh
Okawaru
Qazlal
Ru
Sif Muna
Trog
Uskayaw
Vehumet
Wu Jian
Xom
Yredelemnul
Zin
The Shining One
Beogh
Jiyva
Lugonu

Shops:
D :=:(

Annotations:
D Agnes


Innate Abilities, Weirdness & Mutations

You have hooves in place of feet.
Armour fits poorly on your strangely shaped body.
You cover ground very quickly.
You have extremely tough skin. (AC +3)


Message History

Agnes hits you with a vampiric lajatang!
You completely miss Agnes. Your kick misses Agnes.
Agnes says, "It is my duty to kill you, but also my pleasure."
Agnes hits you with a vampiric lajatang! x2
You completely miss Agnes. Your kick misses Agnes.
You are feeling hungry.
Agnes hits you with a vampiric lajatang!!
Agnes hits you but does no damage.
You miss Agnes.
Agnes hits you with a vampiric lajatang!
You barely miss Agnes. Your kick misses Agnes.
Agnes hits you with a vampiric lajatang!
* * * LOW HITPOINT WARNING * * *
Agnes hits you with a vampiric lajatang!!
* * * LOW HITPOINT WARNING * * *
You miss Agnes.
Agnes hits you with a vampiric lajatang!
* * * LOW HITPOINT WARNING * * *
Agnes hits you with a vampiric lajatang!
You die...

.......).........................
▓▓▓▓▓▓▓▓▓▓▓▓▓▓▓▓▓▓▓▓▓▓▓▓▓▓▓▓▓▓▓▓▓
)))))).)..).'.....∩.∩)∩)∩)....'..
▓▓▓▓▓▓▓▓▓▓▓▓▓▓▓▓▓▓▓▓▓▓▓▓▓▓▓▓▓▓▓▓▓
.(...............................
▓▓▓▓▓▓▓▓▓▓▓▓▓▓▓▓▓▓▓▓▓▓▓▓▓▓▓▓▓▓▓▓▓
[[.[..!.(.[...')..............'..
▓▓▓▓▓▓▓▓▓▓▓▓▓▓▓▓▓▓▓▓▓▓▓▓▓▓▓▓▓▓▓▓▓
......i@................
▓▓▓▓▓▓▓▓♣♣♣♣♣♣♣♣♣♣▓▓▓▓▓▓


You could see Agnes.

Vanquished Creatures
  A tengu reaver (D)
  A frost giant (D)
  A vampire knight (D)
  A hydra (D)
  An ice dragon (D)
  A catoblepas (D)
  8 orc high priests (D)
  Urug (D)
  A hell knight (D)
  2 unseen horrors (D)
  A glowing orange brain (D)
  A lindwurm (D)
  An orc sorcerer (D)
  A cyclops (D)
  2 ugly things (D)
  A yaktaur (D)
  5 spiny frogs (D)
  A komodo dragon (D)
  2 trolls (D)
  A slime creature (D)
  4 blink frogs (D)
  2 hippogriffs (D)
  A yak (D)
  A basilisk (D)
  2 vampire mosquitoes (D)
  2 water moccasins (D)
  An acid dragon (D)
  2 porcupines (D)
  8 orc warriors (D)
  A black bear (shapeshifter) (D)
  A centaur (D)
  5 bullfrogs (D)
  A killer bee (D)
  A wight (D)
  3 crimson imps (D)
  2 hounds (D)
  9 orc priests (D)
  4 orc wizards (D)
  A worker ant (D)
  A leopard gecko (D)
  10 orcs (D)
  A bat (D)
  A goblin (D)
  A hobgoblin (D)
  2 kobolds (D)
101 creatures vanquished.

Vanquished Creatures (collateral kills)
  A yak (D)
1 creature vanquished.

Grand Total: 102 creatures vanquished

Notes
Turn   | Place    | Note
-------+----------+-------------------------------------------
     0 | D        | Pluck the Centaur Berserker began the quest for the Orb.
     0 | D        | Reached XP level 1. HP: 19/19 MP: 1/1
    10 | D        | Reached ** piety under Trog
   191 | D        | Noticed a crimson imp
   191 | D        | Noticed a worker ant
   191 | D        | Noticed a hound
   198 | D        | Killed a crimson imp
   198 | D        | Reached XP level 2. HP: 26/26 MP: 2/2
   198 | D        | Reached XP level 3. HP: 31/31 MP: 3/3
   203 | D        | Reached *** piety under Trog
   212 | D        | Reached XP level 4. HP: 35/38 MP: 4/4
   324 | D        | Found a roughly hewn altar of Beogh.
   324 | D        | Found a snail-covered altar of Cheibriados.
   324 | D        | Found a shadowy altar of Dithmenos.
   324 | D        | Found a white marble altar of Elyvilon.
   324 | D        | Found a blossoming altar of Fedhas.
   324 | D        | Found an opulent altar of Gozag.
   325 | D        | Found a hazy altar of Hepliaklqana.
   326 | D        | Found a viscous altar of Jiyva.
   327 | D        | Found an ancient bone altar of Kikubaaqudgha.
   328 | D        | Found a corrupted altar of Lugonu.
   329 | D        | Found a burning altar of Makhleb.
   330 | D        | Found a sparkling altar of Nemelex Xobeh.
   331 | D        | Found an iron altar of Okawaru.
   332 | D        | Found a stormy altar of Qazlal.
   333 | D        | Found a sacrificial altar of Ru.
   334 | D        | Found a deep blue altar of Sif Muna.
   335 | D        | Found a bloodstained altar of Trog.
   336 | D        | Found a hide-covered altar of Uskayaw.
   337 | D        | Found a radiant altar of Vehumet.
   338 | D        | Found an ornate altar of the Wu Jian Council.
   339 | D        | Found a shimmering altar of Xom.
   340 | D        | Found a basalt altar of Yredelemnul.
   341 | D        | Found a glowing silver altar of Zin.
   342 | D        | Found a glowing golden altar of the Shining One.
   391 | D        | Noticed an orc warrior
   391 | D        | Noticed a centaur
   391 | D        | Noticed a troll
   393 | D        | Reached **** piety under Trog
   396 | D        | Reached XP level 5. HP: 47/47 MP: 5/5
   398 | D        | Killed an orc warrior
   398 | D        | Reached skill level 5 in Fighting
   398 | D        | Reached skill level 10 in Polearms
   400 | D        | Killed a centaur
   400 | D        | Reached XP level 6. HP: 58/58 MP: 6/6
   405 | D        | Killed a troll
   405 | D        | Reached ***** piety under Trog
   405 | D        | Reached XP level 7. HP: 66/66 MP: 7/7
   586 | D        | Noticed a catoblepas
   586 | D        | Noticed a yak
   586 | D        | Noticed a red ugly thing
   586 | D        | Noticed a cyclops
   586 | D        | Noticed a green ugly thing
   600 | D        | Killed a catoblepas
   600 | D        | Reached XP level 8. HP: 69/78 MP: 8/8
   620 | D        | Killed a red ugly thing
   620 | D        | Reached skill level 5 in Armour
   640 | D        | Killed a cyclops
   640 | D        | Reached skill level 10 in Fighting
   658 | D        | Killed a green ugly thing
   658 | D        | Reached XP level 9. HP: 78/86 MP: 9/9
   908 | D        | Noticed a spiny frog
   908 | D        | Noticed a spiny frog
   910 | D        | Reached skill level 2 in Bows
   912 | D        | Killed a spiny frog
   912 | D        | Reached skill level 3 in Bows
   916 | D        | Received a gift from Trog
   924 | D        | Killed a spiny frog
   924 | D        | Reached skill level 4 in Bows
   925 | D        | Reached skill level 5 in Dodging
   926 | D        | Reached ****** piety under Trog
   926 | D        | Reached skill level 5 in Bows
   929 | D        | Received a gift from Trog
   934 | D        | Reached skill level 15 in Polearms
   974 | D        | Noticed a spiny frog
   974 | D        | Noticed a komodo dragon
   974 | D        | Noticed a lindwurm
   977 | D        | Reached XP level 10. HP: 96/96 MP: 3/10
   982 | D        | Killed a spiny frog
   982 | D        | Reached skill level 6 in Bows
   994 | D        | Killed a lindwurm
   994 | D        | Reached skill level 7 in Bows
  1326 | D        | Noticed a spiny frog
  1329 | D        | Received a gift from Trog
  1333 | D        | Killed a spiny frog
  1333 | D        | Reached skill level 8 in Bows
  1349 | D        | Noticed a spiny frog
  1351 | D        | Received a gift from Trog
  1355 | D        | Killed a spiny frog
  1355 | D        | Reached skill level 9 in Bows
  1512 | D        | Received a gift from Trog
  1517 | D        | Received a gift from Trog
  1522 | D        | Received a gift from Trog
  1525 | D        | Received a gift from Trog
  1592 | D        | Noticed an orc sorcerer
  1595 | D        | Killed an orc sorcerer
  1596 | D        | Received a gift from Trog
  1600 | D        | Noticed an orc high priest
  1606 | D        | Reached XP level 11. HP: 105/105 MP: 6/11
  1613 | D        | Killed an orc high priest
  1613 | D        | Received a gift from Trog
  1613 | D        | Reached skill level 10 in Bows
  1621 | D        | Received a gift from Trog
  1625 | D        | Received a gift from Trog
  1634 | D        | Got an iridescent shortbow {god gift}
  1665 | D        | Identified the +2 shortbow "Cais" {freeze, rN+ MR+} (Trog gifted it to you in the Dungeon)
  1683 | D        | Found Onum's Book Emporium.
  1683 | D        | Noticed an orc high priest
  1683 | D        | Noticed an orc high priest
  1683 | D        | Noticed an orc high priest
  1727 | D        | Noticed a sun demon
  1796 | D        | Killed an orc high priest
  2058 | D        | Noticed a sun demon
  2073 | D        | Killed an orc high priest
  2073 | D        | Reached skill level 11 in Bows
  2329 | D        | Killed an orc high priest
  2329 | D        | Reached skill level 12 in Bows
  2473 | D        | Found Liphinoi's Jewellery Shoppe.
  2477 | D        | Found Siesoukogo's Book Emporium.
  2479 | D        | Noticed an orc high priest
  2480 | D        | Found Zirphuq's Antique Weapon Shoppe.
  2482 | D        | Noticed an orc high priest
  2483 | D        | Noticed an orc high priest
  2483 | D        | Noticed an orc high priest
  2490 | D        | Killed an orc high priest
  2490 | D        | Received a gift from Trog
  2497 | D        | Killed an orc high priest
  2497 | D        | Reached skill level 13 in Bows
  2502 | D        | Killed an orc high priest
  2509 | D        | Killed an orc high priest
  2509 | D        | Reached skill level 10 in Armour
  2559 | D        | Bought the ring of Laiti {+Inv +Fly rPois rC+} for 498 gold pieces
  2734 | D        | Noticed Urug
  2753 | D        | Killed Urug
  2753 | D        | Reached skill level 14 in Bows
  3147 | D        | Noticed a six-headed hydra
  3197 | D        | Received a gift from Trog
  3211 | D        | Killed an unseen horror
  3214 | D        | Killed a six-headed hydra
  3214 | D        | Received a gift from Trog
  3214 | D        | Reached skill level 15 in Bows
  3319 | D        | Killed an unseen horror
  3319 | D        | Received a gift from Trog
  3319 | D        | Reached XP level 12. HP: 102/117 MP: 12/12
  3346 | D        | Noticed an ice dragon
  3354 | D        | Noticed a frost giant
  3360 | D        | Killed an ice dragon
  3360 | D        | Received a gift from Trog
  3360 | D        | Reached skill level 16 in Bows
  3514 | D        | Killed a frost giant
  3740 | D        | Noticed a vampire knight
  3758 | D        | Killed a vampire knight
  3758 | D        | Reached skill level 17 in Bows
  4015 | D        | Noticed a tengu reaver
  4207 | D        | Killed a tengu reaver
  4207 | D        | Received a gift from Trog
  4207 | D        | Reached skill level 15 in Fighting
  4207 | D        | Reached skill level 18 in Bows
  4210 | D        | Got a crude bardiche {god gift}
  4555 | D        | Identified the +5 bardiche "Rihaut" {chaos, Stlth+} (Trog gifted it to you in the Dungeon)
  4657 | D        | Noticed Agnes
  4666 | D        | HP: 1/119 [Agnes/vampiric lajatang (11)]
  4666 | D        | Demolished by Agnes

Skill      XL: |  1  2  3  4  5  6  7  8  9 10 11 12 |
---------------+-------------------------------------+-----
Polearms       | 6 8 9 10 11 12 14 15 16 17 | 17.5
Fighting       | 4 6 7 9 10 11 12 14 15 | 15.1
Armour         | 2 3 4 6 7 9 10 11 | 11.3
Dodging        | 2 3 4 5 |  5.2
Bows           | 5 9 15 18 | 18.3

Action                   |  1- 3 |  4- 6 |  7- 9 | 10-12 || total
-------------------------+-------+-------+-------+-------++-------
Melee: Spear             |    37 |       |       |       ||    37
       Kick              |     4 |     2 |     9 |    57 ||    72
       Halberd           |       |    12 |    35 |   190 ||   237
       Glaive            |       |       |     2 |    25 ||    27
       Shortbow          |       |       |       |     2 ||     2
       Bardiche          |       |       |       |     6 ||     6
 Fire: Shortbow          |       |       |       |   136 ||   136
Invok: Berserk           |     1 |     1 |     4 |     7 ||    13
       Trog's Hand       |       |       |     1 |     3 ||     4
       Brothers in Arms  |       |       |     1 |       ||     1
Evoke: Wand              |       |       |    10 |       ||    10
  Eat: Ration            |       |       |     1 |     3 ||     4
       Chunk             |       |       |     2 |     8 ||    10
Armor: Animal skin       |     4 |       |       |       ||     4
       Scale mail        |       |     1 |     1 |       ||     2
       Plate armour      |       |       |    11 |    79 ||    90
Dodge: Dodged            |    11 |     5 |     8 |    39 ||    63
